 Dungeon Crawl Stone Soup version 0.29-a0-243-g602b31c20e (webtiles) character file.

Game seed: 2778708084140538143

394 Ajdolov the Insei (level 6, -7/43 HPs)
             Began as an Octopode Transmuter on Mar 4, 2022.
             Was an Initiate of Gozag.
             Mangled by a phantom (10 damage)
             ... on level 5 of the Dungeon.
             The game lasted 00:07:37 (5513 turns).

Ajdolov the Insei (Octopode Transmuter)             Turns: 5513, Time: 00:07:38

Health: -7/43      AC:  1    Str: 10    XL:     6   Next: 82%
Magic:  9/9        EV: 13    Int: 17    God:    Gozag
Gold:   175        SH:  0    Dex: 12    Spells: 5/9 levels left

rFire   . . .      SeeInvis .     - Unarmed
rCold   . . .      Faith    .   (no shield)
rNeg    . . .      Spirit   .   (helmet restricted)
rPois   .          Reflect  .   (no amulet)
rElec   .          Harm     .   m - ring of resist corrosion
rCorr   +          Rampage  .   (no ring)
Will    .....                   (no ring)
Stlth   ++........              (no ring)
HPRegen 0.14/turn               (no ring)
MPRegen 0.11/turn               (no ring)
                                (no ring)
                                (no ring)

@: flying
A: almost no armour, amphibious, 8 rings, camouflage 1, gelatinous body 1,
(nimble swimmer 1), tentacles
a: Renounce Religion, Potion Petition, Call Merchant, Bribe Branch


You were on level 5 of the Dungeon.
You worshipped Gozag.
Gozag was aware of your devotion.
You visited 2 branches of the dungeon, and saw 6 of its levels.

You collected 246 gold pieces.
You paid 71 gold pieces to Gozag.

Inventory:

Jewellery
 m - a ring of resist corrosion (left tentacle)
Wands
 f - a wand of flame (7)
Scrolls
 b - a scroll of magic mapping {unknown}
 c - a scroll of enchant armour {unknown}
 d - a scroll of noise {unknown}
 g - 2 scrolls of teleportation {unknown}
 i - a scroll of blinking {unknown}
 j - 3 scrolls of identify {unknown}
 n - a scroll of silence {unknown}
 o - a scroll of immolation {unknown}
 p - a scroll of fear {unknown}
Potions
 a - a potion of curing {unknown}
 e - a potion of cancellation {unknown}
 h - a potion of attraction {unknown}
 k - 2 potions of flight
 l - 2 potions of brilliance {unknown}
 q - a potion of lignification {unknown}


   Skills:
 + Level 3.8 Fighting
 - Level 2.0 Dodging
 * Level 6.3 Unarmed Combat
 - Level 2.0 Spellcasting
 - Level 2.0 Transmutations


You had 5 spell levels left.
You knew the following spells:

 Your Spells              Type           Power      Damage    Failure   Level
a - Beastly Appendage     Tmut           16%        N/A       9%          1
b - Spider Form           Tmut/Pois      5%         N/A       36%         3

Your spell library contained the following spells:

 Spells                   Type           Power      Damage    Failure   Level
 Wereblood                Tmut           8%         N/A       13%         2
 Blink                    Tloc           2%         N/A       28%         2
 Poisonous Vapours        Pois/Air       2%         N/A       28%         2
 Gell's Gravitas          Tloc           1%         N/A       50%         3
 Lesser Beckoning         Tloc           1%         N/A       50%         3
 Teleport Other           Tloc           1%         N/A       50%         3
 Ice Form                 Ice/Tmut       5%         N/A       77%         4
 Petrify                  Tmut/Erth      5%         N/A       77%         4
 Borgnjor's Vile Clutch   Necr/Erth      0%         N/A       99%         5
 Manifold Assault         Tloc           1%         N/A       99%         5
 Dispersal                Tloc           0%         N/A       100%        6
 Animate Armour           Summ/Erth      Unusable   N/A       N/A         4

Dungeon Overview and Level Annotations

Branches:
Dungeon (5/15)             Temple (1/1) D:5

Altars:
Dithmenos
Gozag
Hepliaklqana
Kikubaaqudgha
Okawaru
Trog

Shops:
D:2 :

Annotations:
D:4 exclusions: scorpion and sky beast


Innate Abilities, Weirdness & Mutations

You cannot wear most types of armour.
You are amphibious.
You can wear up to eight rings at the same time.
Your skin changes colour to match your surroundings (Stealth+).
Your rubbery body absorbs attacks. (AC +1, EV +1)
((You are camouflaged when in or above water. (Stealth+)))
You have tentacles for arms and can constrict up to eight enemies at once.


Message History

You tentacle-slap the phantom.
The phantom is lightly damaged.
The phantom hits you!
You tentacle-slap the phantom. Your squeeze misses the phantom.
The phantom is moderately damaged.
The phantom hits you.
You miss the phantom.
The phantom is moderately damaged.
The phantom closely misses you.
You completely miss the phantom.
The phantom is moderately damaged.
You barely miss the phantom. Your squeeze misses the phantom.
The phantom is moderately damaged.
The phantom hits you!
The phantom blinks!
You blink.
The phantom closely misses you.
You are too injured to fight recklessly!
You are too injured to fight recklessly!
The phantom hits you.
You tentacle-slap the phantom. Your squeeze misses the phantom.
The phantom is heavily damaged.
The phantom barely misses you.
You tentacle-slap the phantom.
The phantom is severely damaged.
The phantom barely misses you.
You miss the phantom.
The phantom is severely damaged.
The phantom hits you!
* * * LOW HITPOINT WARNING * * *
You barely miss the phantom.
The phantom is severely damaged.
The phantom misses you.
You closely miss the phantom.
The phantom is severely damaged.
The phantom hits you.
* * * LOW HITPOINT WARNING * * *
It was a potion of flight.
You feel very buoyant.
You fly up into the air.
The phantom hits you!
You die...
Your body crumbles into a pile of gold.

...........# ##..#.
....#######
####..#. ...
####.[..... ...
#[.........
...######.##.....#.
#.......######...
#.......#######..
###.......#........
#.@W......'...)....
#.#####'###........
#. #.# #####.... #.
#.# #.### #. #.#
#.# # .# #.# ####.#
. #.# ##....# . #.#
#P....###
#.####.##....


You could see a phantom.

Vanquished Creatures
  A necrophage (D:5)
  A scorpion (D:5)
  A hound (D:5)
  2 iguanas
  An orc wizard (D:5)
  3 gnolls (D:5)
  3 adders
  A white imp (D:5)
  An ufetubus (D:4)
  2 worms (D:2)
  A dart slug (D:5)
  2 orcs (D:5)
  8 ball pythons
  7 endoplasms
  5 giant cockroaches
  6 goblins
  10 hobgoblins
  10 jackals
  7 kobolds
  2 quokkas (D:1)
  5 bats
  4 frilled lizards
  11 rats
94 creatures vanquished.

Vanquished Creatures (others)
  5 plants (D:5)
5 creatures vanquished.

Grand Total: 99 creatures vanquished

Notes
Turn   | Place    | Note
-------+----------+-------------------------------------------
     0 | D:1      | Ajdolov the Octopode Transmuter began the quest for the
                  | Orb.
     0 | D:1      | Reached XP level 1. HP: 13/13 MP: 3/3
   146 | D:1      | Reached XP level 2. HP: 16/18 MP: 5/5
   550 | D:1      | Reached XP level 3. HP: 17/24 MP: 6/6
   554 | D:1      | Learned a level 3 spell: Spider Form
   888 | D:1      | Reached skill level 4 in Unarmed Combat
  1765 | D:2      | Found Xuopameps's Book Shoppe.
  1771 | D:2      | Reached XP level 4. HP: 29/29 MP: 3/7
  2156 | D:3      | Got the Catalogue of Venom and Stones
  3662 | D:4      | Noticed a scorpion
  3747 | D:4      | Reached XP level 5. HP: 32/35 MP: 8/8
  3765 | D:4      | Reached skill level 5 in Unarmed Combat
  4089 | D:4      | Noticed a sky beast
  4424 | D:5      | Entered Level 5 of the Dungeon
  4787 | D:5      | Reached XP level 6. HP: 42/42 MP: 5/9
  4858 | D:5      | Found a staircase to the Ecumenical Temple.
  4991 | Temple   | Entered the Ecumenical Temple
  5120 | Temple   | Became a worshipper of Gozag Ym Sagoz the Greedy
  5209 | D:5      | Reached skill level 6 in Unarmed Combat
  5513 | D:5      | Mangled by a phantom

Illustrated notes

Levels and vault maps discovered:
D:1:      minmay_arrival_split_and_join, layout_basic, minivault_24
D:2:      layout_loops_ring, serial_shops, nicolae_shop_trees
D:3:      layout_loops_ring, patterned_corridor
D:4:      layout_gridville
D:5:      layout_basic, minmay_temple_entry_gardened_gates
Temple:   mainiacjoe_temple_trianglar_array

Skill      XL: |  1  2  3  4  5  6 |
---------------+-------------------+-----
Unarmed Combat | 4 5 6 |  6.3
Fighting       | 2 3 |  3.8
Dodging        | |  2.0
Spellcasting   | |  2.0
Transmutations | |  2.0

Action                   |  1- 3 |  4- 6 || total
-------------------------+-------+-------++-------
Melee: Unarmed           |    86 |   137 ||   223
       Tentacles         |    25 |    20 ||    45
       Constrict         |    25 |    24 ||    49
       Punch             |     2 |     3 ||     5
 Cast: Spider Form       |       |     5 ||     5
Evoke: Wand              |     7 |     4 ||    11
  Use: Potion            |       |     1 ||     1
 Stab: Sleeping          |     5 |     7 ||    12
       Distracted        |     1 |       ||     1
Armor: Skin              |     7 |     8 ||    15
Dodge: Dodged            |    56 |    72 ||   128

Table legend: (Time is in decaauts)
 A = Elapsed time spent in this place.
 B = Non-inter-level travel time spent in this place.
 C = Inter-level travel time spent in this place.
 D = Time resting spent in this place.
 E = Time spent auto-exploring this place.
 F = Levels seen in this place.
 G = Mean time per level.
                   A        B        C        D        E       F      G
               +--------+--------+--------+--------+--------+-----+--------+
         Total |   5492 |   5367 |    125 |   1142 |   3255 |   6 |  915.3 |
       Dungeon |   5335 |   5236 |     99 |   1142 |   3132 |   5 | 1067.0 |
        Temple |    156 |    130 |     26 |      0 |    123 |   1 |  156.0 |
               +--------+--------+--------+--------+--------+-----+--------+

Top non-repeatable levels by time:
     D:3: 1313 daAuts
     D:1: 1174 daAuts
     D:4: 977 daAuts
     D:2: 942 daAuts
     D:5: 926 daAuts
  Temple: 156 daAuts
